[Event "Czech Championship 2022"]
[Site "Usti nad Labem"]
[Date "2022.05.17"]
[Round "4.6"]
[White "Kraus, Tomas"]
[Black "Delgerdalai, Bayarjavkhlan"]
[Result "1-0"]
[ECO "B52"]
[WhiteElo "2472"]
[BlackElo "2119"]
[Annotator "TA"]
[PlyCount "63"]
[EventDate "2022.05.12"]
[EventType "swiss"]
[EventCountry "CZE"]
[SourceTitle "playchess.com"]
[Source "ChessBase"]
[SourceQuality "1"]
[TimeControl "40/5400+30:1800+30"]

1. e4 c5 2. Nf3 d6 3. Bb5+ Bd7 4. Bxd7+ Nxd7 5. O-O Ngf6 6. Qe2 g6 7. c3 Bg7 8. d4 e6 {[%emt 0:02:58] B52: Sicilian: Moscow Variation with 3...Bd7.} 9. e5 Nd5 10. exd6 {[%emt 0:08:48] [#]} Qb6 $146 {[%emt 0:12:20] White is better.} ({Predecessor:} 10... cxd4 11. Rd1 Qb6 12. Nxd4 O-O 13. Nb5 a6 14. N5a3 Qc6 15. c4 N5b6 16. Nc3 Rac8 {½-½ (47) Hoffman,G-Da Maia,V ICCF email 2001}) 11. c4 Nb4 12. a3 (12. dxc5 $142 Nxc5 13. Nc3) 12... Na6 $16 13. dxc5 {[%emt 0:13:10] White is more active.} Naxc5 14. Rd1 Nb3 (14... Rc8 $14) 15. Be3 {[%emt 0:01:01] White stays focused until the end.} Qa6 16. Ra2 $36 {[%emt 0:00:35][%mdl 2048] White is really pushing.} Rc8 {[%emt 0:01:06] [#]} 17. Nbd2 Nxd2 18. Nxd2 (18. Rxd2 $6 Qxc4 19. Ra1 Qxe2 20. Rxe2 O-O $11) (18. Qxd2 $6 Rxc4 19. Qd3 O-O $11) 18... O-O 19. b3 Qxd6 20. Ne4 (20. Bxa7 b6 $14) 20... Qe7 (20... Qc6 $16 {was called for.}) 21. Nd6 ({Weaker is} 21. Bxa7 b6 $14) 21... Rb8 22. Bxa7 Ra8 23. Be3 f5 24. f3 Be5 25. Rad2 ({Not} 25. Nxb7 Rfb8 $16) 25... Nf6 (25... Bc3 $142 26. Nxf5 (26. Nxb7 Bxd2 27. Qxd2 Ne5 $16) 26... exf5) 26. Bh6 $18 Bxd6 27. Rxd6 Rfe8 28. a4 Ra5 29. Bg5 Rc5 {[%emt 0:02:27] White is clearly winning.} 30. Qb2 Rf8 31. Bxf6 Rxf6 (31... Qxf6 $142 32. Qxf6 Rxf6) 32. Rd7 {[%emt 0:00:23] Weighted Error Value: White=0.06 (flawless) /Black=0.32} 1-0

[Event "Czech Championship 2022"]
[Site "Usti nad Labem"]
[Date "2022.05.17"]
[Round "4.7"]
[White "Gnojek, Petr"]
[Black "Rubes, Jan"]
[Result "0-1"]
[ECO "E81"]
[WhiteElo "2302"]
[BlackElo "2386"]
[Annotator "TA"]
[PlyCount "108"]
[EventDate "2022.05.12"]
[EventType "swiss"]
[EventCountry "CZE"]
[SourceTitle "playchess.com"]
[Source "ChessBase"]
[SourceQuality "1"]
[TimeControl "40/5400+30:1800+30"]

1. d4 Nf6 2. c4 g6 3. Nc3 Bg7 4. e4 d6 5. f3 O-O 6. Be3 c5 7. Nge2 Nc6 8. Qd2 Qa5 9. Rd1 cxd4 10. Nxd4 Nxd4 11. Bxd4 Be6 12. Be2 a6 13. O-O Rfc8 {[%emt 0:00:05] E81: King's Indian: Sämisch: 6th move deviations (including 6 Be3 c6).} 14. Nd5 Qxd2 15. Rxd2 Bxd5 {[%emt 0:02:34] The position is equal.} 16. exd5 Nd7 17. Be3 a5 {[%emt 0:04:50] [#]} 18. f4 $146 ({Predecessor:} 18. Rb1 h5 19. b3 Kh7 20. Kf2 Bh6 21. f4 Nf6 22. Bf3 a4 23. g3 axb3 24. axb3 {½-½ (45) Van Vliet,J (2216)-Rietman,F (2201) Hengelo 2004}) 18... Nc5 19. Rc2 Na6 20. a3 a4 21. Rfc1 Nc5 22. Bxc5 Rxc5 23. Bd3 Bd4+ 24. Kf1 Kf8 25. Rd1 Bf6 26. Ke2 Ra6 27. Kd2 Rb6 28. Kc1 Rb3 29. Bf1 ({White should play} 29. Kb1 $15) 29... b5 $17 {[%emt 0:04:46] Black is more active.} 30. Rd3 h5 31. Be2 Kg7 (31... bxc4 32. Rxb3 axb3 33. Rxc4 $15) 32. g3 Kh6 (32... bxc4 33. Rxb3 axb3 34. Rxc4 Rxd5 35. Rb4 $15) 33. h3 Kg7 (33... bxc4 34. Rxb3 axb3 35. Rxc4 $15) 34. g4 hxg4 (34... bxc4 35. Rxb3 axb3 36. Rxc4 $17) 35. hxg4 g5 (35... bxc4 36. Rxb3 axb3 37. Rxc4 $15) 36. f5 ({Don't blunder} 36. Rxb3 $2 axb3 37. Rd2 gxf4 $19) 36... Be5 (36... bxc4 37. Rxb3 axb3 38. Rxc4 $11) 37. Kb1 $2 {[%emt 0:04:49][%mdl 8192] Now White is beyond hope.} (37. cxb5 $17 {was worth a try.} Rxc2+ 38. Kxc2 Rxb2+ 39. Kd1) 37... bxc4 $19 38. Rxb3 axb3 {[%emt 0:00:03][%mdl 4096] Endgame KRB-KRB} ({Not} 38... cxb3 39. Rxc5 dxc5 40. Bb5 $11) 39. Rd2 c3 40. bxc3 Bxc3 ({Inferior is} 40... Rxc3 41. Rd3 $17) 41. Rd3 b2 42. Rd1 Kf6 43. Bf3 (43. Bd3 $142) 43... Ke5 {[%emt 0:00:00] [#] And now ...Kf4 would win.} 44. Rf1 (44. Be2 {might work better.}) 44... Kf4 45. Be2+ Ke3 46. Bd1 Be5 {[%emt 0:00:00] ( -> ...Rc1+)} 47. Bb3 Ke2 48. Rg1 Kf2 49. Rd1 Kg3 50. Rg1+ Kf4 {[%emt 0:00:00] [#] Threatens to win with ...Rc3.} 51. a4 Rc3 {[%emt 0:00:00] Black mates.} 52. Ba2 Ra3 53. Rf1+ Kxg4 54. Bc4 Rxa4 {[%emt 0:00:00] Weighted Error Value: White=0.59/Black=0.07 (flawless)} 0-1

[Event "Czech Championship 2022"]
[Site "Usti nad Labem"]
[Date "2022.05.17"]
[Round "4.8"]
[White "Nemec, Jachym"]
[Black "Buchcar, Tomas"]
[Result "1/2-1/2"]
[ECO "D43"]
[WhiteElo "2367"]
[BlackElo "2183"]
[Annotator "TA"]
[PlyCount "76"]
[EventDate "2022.05.12"]
[EventType "swiss"]
[EventCountry "CZE"]
[SourceTitle "playchess.com"]
[Source "ChessBase"]
[SourceQuality "1"]
[TimeControl "40/5400+30:1800+30"]

1. d4 d5 2. c4 c6 3. Nf3 Nf6 4. Qb3 e6 5. Bg5 Nbd7 6. Nc3 a6 {[%emt 0:01:20] D43: Semi-Slav: 5 Bg5 h6.} (6... h6 $5 7. Bd2 b6 $11) 7. e3 Qa5 {[%emt 0:02:18] [#]} 8. Bxf6 $146 ({Predecessor:} 8. Rc1 Ne4 9. Bf4 g5 10. Bg3 h5 {½-½ (10) Mazurek,J (1704)-Safanowski,T (1832) Warsaw 2021}) 8... Nxf6 9. Bd3 c5 10. cxd5 Nxd5 11. O-O cxd4 12. Nxd5 Qxd5 13. Bc4 Qh5 14. exd4 {[%emt 0:09:25] d5 is the strong threat.} Be7 15. Rfe1 b5 16. Ne5 {[%emt 0:00:00][%cal Oc4b5] [#] And now Bxb5+! would win.} O-O ({Don't take} 16... bxc4 17. Qa4+ Kf8 18. Qc6 $18) 17. Be2 Qh4 18. Bf3 Ra7 19. g3 Qf6 ({Don't play} 19... Qxd4 20. Nc6 Qb6 21. Nxa7 Qxa7 22. Rec1 $16) 20. Rac1 Bd6 21. Re3 Rc7 22. Rec3 Rxc3 23. Qxc3 h6 24. Be4 {[%emt 0:00:00] Threatens to win with Qxc8.} g6 25. Kg2 b4 26. Qc4 Bxe5 27. dxe5 Qxe5 28. Qxb4 Bd7 {[%emt 0:00:11] Hoping for ...Rb8.} 29. Bf3 Rb8 30. Qd2 Qxb2 31. Rc2 Qb1 32. Be4 {[%emt 0:00:00] [#]} (32. Rc7 $11 {keeps the balance.} Bb5 33. Rc1) 32... Qb4 $1 $17 33. Qe3 Rc8 34. Rxc8+ Bxc8 35. a3 Qc4 36. Bf3 Kg7 ({Black should try} 36... Bd7 $17 37. g4 Bc6 38. Bxc6 Qxc6+ 39. f3 Qd5) 37. Qe5+ $1 $11 Kh7 38. h4 $1 h5 {[%emt 0:03:36] Weighted Error Value: White=0.12 (very precise) /Black=0.13 (very precise)} 1/2-1/2

[Event "Czech Championship 2022"]
[Site "Usti nad Labem"]
[Date "2022.05.17"]
[Round "4.9"]
[White "Krejci, Jan"]
[Black "Krivanek, Vladimir"]
[Result "1-0"]
[ECO "B90"]
[WhiteElo "2520"]
[BlackElo "2180"]
[Annotator "TA"]
[PlyCount "93"]
[EventDate "2022.05.12"]
[EventType "swiss"]
[EventCountry "CZE"]
[SourceTitle "playchess.com"]
[Source "ChessBase"]
[SourceQuality "1"]
[TimeControl "40/5400+30:1800+30"]

1. Nf3 g6 2. e4 c5 3. d4 cxd4 4. Nxd4 Nf6 5. Nc3 d6 6. Bc4 a6 7. O-O {[%emt 0:00:50] B90: Sicilian Najdorf: Unusual White 6th moves, 6 Be3 Ng4 and 6 Be3 e5.} Bg7 8. Re1 O-O 9. Bg5 {[%emt 0:00:19] The position is equal.} Qc7 10. Bb3 e6 11. Qd2 Nc6 12. Rad1 {[%emt 0:06:49] [#]} Nxd4 $146 ({Predecessor:} 12... Ne7 13. Bh6 b6 14. Bxg7 Kxg7 15. Nf3 Ne8 16. h4 Qc5 17. Na4 Qc7 18. Qd4+ e5 19. Qxb6 Qxb6 20. Nxb6 Rb8 21. Nc4 {1-0 (21) Meshcheriakova,E (2257)-Lengyel,I (2091) Salgotarjan 2003}) 13. Qxd4 Ne8 14. Qc4 Qxc4 15. Bxc4 b5 16. Bb3 Ra7 {[%emt 0:00:25] Inhibits Be7.} 17. Rd3 Rd7 18. Bf4 Bf6 19. Red1 Be7 20. a4 b4 21. Ne2 Rc7 22. f3 a5 23. c4 Ba6 24. Rc1 e5 25. Bh6 Ng7 26. Rd5 Rfc8 (26... Rc5 $11) 27. Rxa5 $14 {[%emt 0:37:33] White is more active.} Bxc4 {[%emt 0:01:01][%mdl 8192] Black cannot hold the game after this.} (27... Ne6 $14) 28. Rxc4 Rxc4 29. Bxc4 Rxc4 30. Ra8+ Bf8 31. b3 Rc2 {[%emt 0:03:22] [#]} 32. Nc1 {[%emt 0:00:00] Threatens to win with a5.} f6 $2 (32... Ne6 {was worth a try.} 33. Nd3 f5) 33. Nd3 $18 Rc3 34. Nxb4 Rxb3 {[%emt 0:00:19] White must now prevent ...Rb1+.} 35. Nd5 f5 36. a5 Ne6 37. a6 Ra3 38. a7 Kf7 39. Bxf8 Ra1+ 40. Kf2 Ra2+ 41. Ke1 Ra1+ 42. Kd2 Ra2+ $2 (42... Nxf8 43. Nc7 Nd7) 43. Kc3 {[%emt 0:00:00] White is clearly winning.} Nxf8 44. Nb4 Ra5 45. Nc6 Rc5+ 46. Kd2 {[%emt 0:00:00][%cal Oa8f8] [#] White wants to mate with Rxf8+!} Nd7 47. Rb8 {[%emt 0:00:00] Weighted Error Value: White=0.10 (very precise) /Black=0.39} 1-0

[Event "Czech Championship 2022"]
[Site "Usti nad Labem"]
[Date "2022.05.17"]
[Round "4.10"]
[White "Rasik, Vitezslav"]
[Black "Bouska, Jiri"]
[Result "1-0"]
[ECO "B27"]
[WhiteElo "2433"]
[BlackElo "2117"]
[Annotator "TA"]
[PlyCount "69"]
[EventDate "2022.05.12"]
[EventType "swiss"]
[EventCountry "CZE"]
[SourceTitle "playchess.com"]
[Source "ChessBase"]
[SourceQuality "1"]
[TimeControl "40/5400+30:1800+30"]

1. e4 c5 2. Nf3 g6 3. d4 cxd4 4. Qxd4 Nf6 5. Nc3 Nc6 6. Qa4 d6 7. e5 dxe5 8. Nxe5 Bd7 {[%emt 0:00:20] B27: Sicilian: 2 Nf3, unusual Black 2nd moves.} 9. Nxd7 Qxd7 10. Be3 Bg7 {[%emt 0:01:28] White has an edge.} 11. Rd1 Qc8 12. Be2 O-O 13. O-O a6 14. Qb3 Qc7 {[%emt 0:22:21] [#]} 15. Bb6 $146 {[%emt 0:09:33] A strong pair of Bishops.} ({Predecessor:} 15. Nd5 Nxd5 16. Rxd5 e6 17. Bb6 Qf4 18. g3 Qf6 19. Rd7 Qxb2 20. Qxb2 Bxb2 {½-½ (45) Jovanovic,Z (2526)-Rosic,S (2239) Bosnjaci 2017}) 15... Qf4 16. g3 Qf5 17. Nd5 Nxd5 18. Rxd5 Qe6 19. Bf3 Ne5 20. Be2 Rac8 (20... Nc6 $5 21. Rd2 Qxb3 22. cxb3 e6 $14) 21. Rfd1 Rc6 22. Be3 Ng4 23. Bxg4 Qxg4 24. Qxb7 Rxc2 25. Qxe7 Rxb2 26. Rd8 {[%emt 0:00:20][%cal Bd5d8,Bd8b8,Bb8b7][%mdl 32] aiming for Bc5.} Rb8 $2 {[%emt 0:00:51] [#] Black cannot hold the game after this.} (26... Qf3 $11) 27. R1d4 $1 $18 {[%emt 0:01:24] And now Rxb8 would win.} Qf5 $2 {[%emt 0:03:02] [#]} (27... Qh5) 28. Qxf8+ $3 Bxf8 29. Rxb8 Kg7 {[%emt 0:00:26] Inhibits Bh6+.} 30. Rb7 {[%emt 0:03:41] Threatens to win with h4.} Qa5 $2 (30... g5 31. Rdd7 g4) 31. Rdd7 Qxa2 32. Bd4+ Kh6 $2 (32... Kg8 $18 33. Rd8 Qa5) 33. Rxf7 {[%emt 0:00:13] White mates.} Qa5 34. Be3+ g5 35. Rf6+ {[%emt 0:00:27] Weighted Error Value: White=0.04 (flawless) /Black=0.55} 1-0

[Event "Czech Championship 2022"]
[Site "Usti nad Labem"]
[Date "2022.05.17"]
[Round "4.11"]
[White "Freisler, Pavel"]
[Black "Mikes, Jan"]
[Result "0-1"]
[ECO "A81"]
[WhiteElo "2239"]
[BlackElo "2349"]
[Annotator "TA"]
[PlyCount "82"]
[EventDate "2022.05.12"]
[EventType "swiss"]
[EventCountry "CZE"]
[SourceTitle "playchess.com"]
[Source "ChessBase"]
[SourceQuality "1"]
[TimeControl "40/5400+30:1800+30"]

1. d4 f5 2. g3 Nf6 3. Bg2 e6 4. Nf3 Be7 5. O-O O-O 6. b3 a5 7. a4 {[%emt 0:00:08] [#] A81: Dutch Defence: 2 g3.} Ne4 $146 ({Predecessor:} 7... d6 8. Bb2 Qe8 9. e3 Nc6 10. Nc3 Nd8 11. d5 e5 12. Nb5 Qd7 13. Bxe5 Nf7 14. Bxf6 Bxf6 {1-0 (33) Suvrajit,S (2384)-Bentivegna,F (2322) Livigno 2011}) 8. Bb2 Bf6 9. Nfd2 {[%emt 0:17:34] White is slightly better.} d5 10. f3 Ng5 11. e3 c5 12. Na3 Bd7 13. Qe2 Nf7 (13... cxd4 $11 14. exd4 Qb6) 14. Rad1 (14. f4 $14) 14... g5 (14... cxd4 $11 15. exd4 Qb6) 15. c3 Na6 16. Nb5 Rc8 17. Kh1 Kh8 18. e4 f4 19. e5 Be7 ({Black should try} 19... Bg7 $14) 20. gxf4 (20. Bh3 $18 {has better winning chances.}) 20... gxf4 $16 21. c4 Nb4 {[%emt 0:02:43] [#]} 22. Bh3 (22. dxc5 $1 $16 {cxd5 is the strong threat.} Rxc5 23. Bh3) 22... Ng5 $1 $14 23. Bg4 Bxb5 (23... Qe8 $14) 24. axb5 $16 Qe8 25. cxd5 (25. h4 $16 h5 26. hxg5 hxg4 27. Qh2+ (27. fxg4 Qg6 $11) 27... Kg8 28. Qh6 (28. fxg4 Rf7 $11)) 25... Nxd5 $11 {[%emt 0:00:49] White must now prevent ...h5.} 26. Ne4 {[%emt 0:01:35] Strongly threatening Nd6.} Qg6 $1 27. Nxg5 ({Not} 27. Nxc5 $2 Bxc5 28. dxc5 Ne3 $17) 27... Bxg5 28. Rg1 Ne3 $2 {[%emt 0:01:16] [#]} (28... Rg8 $11 {and Black is okay.}) 29. Rc1 $4 (29. d5 $1 $18 {is the narrow road to win.}) 29... cxd4 $19 30. Bxd4 (30. Qd2 Rxc1 31. Qxc1) 30... Rxc1 {[%emt 0:00:14] Black is clearly winning.} 31. Rxc1 Nxg4 32. Rg1 Nh6 33. Bc5 Re8 34. Qg2 Nf7 35. Qg4 Qf5 36. Qh5 Bh6 37. Qxf5 exf5 38. e6 Rxe6 39. Bd4+ Ne5 40. Rc1 Kg8 41. Rc8+ Bf8 {[%emt 0:00:34] Weighted Error Value: White=0.54/Black=0.38} 0-1

[Event "Czech Championship 2022"]
[Site "Usti nad Labem"]
[Date "2022.05.17"]
[Round "4.12"]
[White "Jun, Rudolf"]
[Black "Mica, Marek"]
[Result "0-1"]
[ECO "C00"]
[WhiteElo "2183"]
[BlackElo "2343"]
[Annotator "TA"]
[PlyCount "106"]
[EventDate "2022.05.12"]
[EventType "swiss"]
[EventCountry "CZE"]
[SourceTitle "playchess.com"]
[Source "ChessBase"]
[SourceQuality "1"]
[TimeControl "40/5400+30:1800+30"]

1. e4 e6 2. Qe2 c5 3. Nf3 Nc6 4. c3 d5 5. exd5 Qxd5 6. Na3 {[%emt 0:01:10] C00: French: Unusual White 2nd moves.} Nf6 7. d4 cxd4 {[%emt 0:01:15] [#] aiming for ...Bxa3.} 8. Nb5 {[%emt 0:00:58] The position is equal.} Bd6 {[%emt 0:02:56] [#] Prevents Nc7+.} 9. Qc4 $146 {[%emt 0:05:26] Strongly threatening Qxd5.} ({Predecessor:} 9. Nbxd4 Nxd4 10. Nxd4 O-O 11. Qf3 e5 12. Qxd5 Nxd5 13. Nc2 Be6 14. Be2 f5 15. O-O {½-½ (42) Bortolin,B-Wirth,C ICCF corr 1978}) 9... Ke7 10. Qxd5 Nxd5 11. Nfxd4 Nxd4 12. Nxd4 e5 13. Nb5 Bc5 14. Bc4 Nb6 15. Bb3 Bf5 16. Be3 Bxe3 17. fxe3 Bd3 {[%emt 0:03:02] Against Rf1} 18. Na3 Rad8 19. Rd1 Rd7 20. Rd2 Rhd8 21. Kf2 f5 22. Rhd1 e4 {[%emt 0:01:06] Active counter play!} ({Black should play} 22... g6 $17) 23. Nc2 $15 Bxc2 (23... a5 {looks sharper.} 24. Nd4 g6 25. a4 Rd6) 24. Rxd7+ Rxd7 25. Rxd7+ Kxd7 26. Bxc2 {[%emt 0:00:07][%mdl 4096] Endgame KB-KN} Nc4 27. b4 Kd6 28. Bb3 Ne5 29. Ke2 g5 30. Bg8 $1 h5 31. Bh7 Ke6 32. Bg8+ Kd6 33. Bh7 Ke6 34. Bg8+ Kf6 35. Bd5 b6 36. a3 (36. c4 $1 $15) 36... h4 $17 37. h3 Ke7 38. Bb7 $2 {[%emt 0:01:53] [#] Now White is beyond hope.} (38. Bg8 $17 {might work better.}) 38... Nc4 $1 $19 39. a4 Kd6 40. Ba6 Kd5 41. Bb7+ Ke5 {[%emt 0:31:10] Threatens to win with ...f4.} 42. Ba6 Na3 {[%emt 0:03:19] Hoping for ...Kd5.} 43. Kd2 $2 (43. a5) 43... Kd5 44. Ke2 f4 45. Bb7+ Ke5 46. Ba6 Nc2 47. exf4+ gxf4 48. Bb7 Ne3 49. b5 Nxg2 {[%emt 0:02:10] Black mates.} 50. c4 f3+ 51. Kf2 Kf4 52. c5 e3+ 53. Kf1 e2+ {[%emt 0:00:00] Weighted Error Value: White=0.46/Black=0.05 (flawless)} 0-1

[Event "Czech Championship 2022"]
[Site "Usti nad Labem"]
[Date "2022.05.17"]
[Round "4.13"]
[White "Sorm, Daniel"]
[Black "Ocelak, Jakub"]
[Result "1-0"]
[ECO "D27"]
[WhiteElo "2306"]
[BlackElo "2060"]
[Annotator "TA"]
[PlyCount "55"]
[EventDate "2022.05.12"]
[EventType "swiss"]
[EventCountry "CZE"]
[SourceTitle "playchess.com"]
[Source "ChessBase"]
[SourceQuality "1"]
[TimeControl "40/5400+30:1800+30"]

1. d4 d5 2. c4 e6 3. Nc3 c5 4. e3 Nf6 5. Nf3 dxc4 6. Bxc4 a6 7. a4 cxd4 8. exd4 Be7 9. O-O O-O 10. Qe2 Nc6 11. Rd1 Nb4 12. Ne5 Re8 {[%emt 0:05:45] D27: Queen's Gambit Accepted: Classical main line: 7 e4!? and 7 a4.} (12... b6 $1 $11) 13. Ne4 Nxe4 14. Qxe4 {[%emt 0:00:44] [#] Threatens to win with Ra3.} Rf8 $146 {[%emt 0:02:08] [#]} (14... f6 $11 {remains equal.}) ({Predecessor:} 14... f6 15. Nf3 Bf8 16. Bf4 Nd5 17. Bg3 b6 18. Re1 Bb7 19. Bd3 g6 20. Qe2 Qd7 {0-1 (32) Dietze,F-Bachmann,K (2325) Germany 1985}) 15. Ra3 $1 $16 f5 16. Qe2 {[%emt 0:01:00] White is much more active. The black rooks are badly placed.} Nd5 17. Rh3 Qe8 18. a5 Bd6 19. Re1 Ra7 ({Better is} 19... b6) 20. Bd2 (20. Bb3 $142) 20... b5 21. Bb3 Re7 22. Nd3 ({White should play} 22. Bg5 $16) 22... Bb7 $2 (22... Qf7 $14) 23. Bg5 $18 Nf6 24. Re3 ({Don't do} 24. Bxe6+ Kh8 $16) 24... Qg6 $2 {[%emt 0:03:24] Loses the game.} (24... Be4 $16 {is more resistant.}) 25. Rxe6 {[%emt 0:01:22] White is clearly winning.} Bxh2+ 26. Kxh2 {[%emt 0:01:54] [#] White wants to mate with Rxf6+.} Rxe6 27. Qxe6+ Kh8 28. Qe7 {[%emt 0:01:08][%csl LRb7,LRf8] Weighted Error Value: White=0.16 (very precise) /Black=0.80} 1-0

[Event "Czech Championship 2022"]
[Site "Usti nad Labem"]
[Date "2022.05.17"]
[Round "4.14"]
[White "Soucek, Petr"]
[Black "Hrbek, Stepan"]
[Result "0-1"]
[ECO "D00"]
[WhiteElo "2177"]
[BlackElo "2303"]
[Annotator "TA"]
[PlyCount "94"]
[EventDate "2022.05.12"]
[EventType "swiss"]
[EventCountry "CZE"]
[SourceTitle "playchess.com"]
[Source "ChessBase"]
[SourceQuality "1"]
[TimeControl "40/5400+30:1800+30"]

1. d4 Nf6 2. Nc3 d5 3. Bf4 g6 4. e3 Bg7 5. Nf3 O-O 6. Be2 c5 7. Ne5 {[%emt 0:04:39] 7.dxc5 deserves study.} cxd4 8. exd4 Nc6 {[%emt 0:00:07] D00: 1 d4 d5: Unusual lines.} 9. Qd2 Nd7 10. Nxd5 {[%emt 0:03:56] [#]} Ndb8 $146 {[%emt 0:00:14] The position is equal.} ({Predecessor:} 10... Ndxe5 11. dxe5 Nxe5 12. Bg5 f6 13. Be3 e6 14. Nc3 Qxd2+ 15. Bxd2 Bd7 16. O-O-O Bc6 {½-½ (45) Ozkan,T (2140)-Audi,A (2328) Paracin 2019}) 11. Bf3 {[%emt 0:09:36] And now 0-0-0 would win.} e6 12. Nc3 Qxd4 13. Qxd4 ({White should play} 13. Nd3 $14) 13... Nxd4 $15 14. O-O-O Nxf3 (14... f6 $15 15. Nc4 (15. Rxd4 $2 fxe5 16. Rc4 exf4 $19) (15. Nxg6 hxg6 16. Rxd4 e5 $17) 15... Nxf3 16. gxf3 e5) 15. Nxf3 $11 ({Much worse is} 15. gxf3 g5 16. Bg3 f5 $17) 15... Bxc3 16. bxc3 f6 (16... b6 $11) 17. Bd6 (17. Bh6 $1 $14 Re8 18. Nd2) 17... Re8 $1 18. Nd2 e5 19. Ne4 Kg7 20. Rhe1 Nc6 21. Kb1 (21. Ba3 $11) 21... b6 22. Ba3 Be6 23. f4 Rad8 24. Nd6 Rf8 25. fxe5 Nxe5 26. Rd4 $1 Rd7 {[%emt 0:01:37] Inhibits Nb7.} 27. Red1 Rfd8 28. Nb7 Rxd4 (28... Rc8 $17 29. Rxd7+ Bxd7) 29. cxd4 $15 Rd7 30. Nd6 Nc4 31. Nxc4 Bxc4 {[%emt 0:00:04][%mdl 4096] Endgame KRB-KRB} 32. c3 f5 33. Re1 (33. Bc1 $11) 33... f4 $17 34. Re5 Bf1 35. Bc1 (35. Re7+ $17 Rxe7 36. Bxe7) 35... Rf7 $19 36. d5 Bxg2 {[%emt 0:00:23] [#] aiming for ...f3.} 37. d6 f3 {[%emt 0:02:36] White must now prevent ...f2.} 38. Be3 (38. Re7 {is the only way for White.} Rxe7 39. dxe7) 38... f2 39. Bxf2 Rxf2 {[%emt 0:00:03] KRB-KR} 40. Re7+ $2 {[%emt 0:00:10] [#]} (40. d7 Rd2 41. Re2 Rxd7 42. Rxg2) 40... Kh6 41. Rxa7 $2 (41. d7 Rd2 42. Re2 Rxd7 43. Rxg2) 41... Rd2 42. d7 Bc6 43. Ra6 (43. Kc1 $142 Rxd7 44. Ra6) 43... Bxd7 44. Rxb6 Bf5+ 45. Kc1 Rxa2 46. h4 Rc2+ 47. Kd1 Rxc3 {[%emt 0:00:05] Weighted Error Value: White=0.58/Black=0.16 (very precise)} 0-1

[Event "Czech Championship 2022"]
[Site "Usti nad Labem"]
[Date "2022.05.17"]
[Round "4.15"]
[White "Smolik, Jachym"]
[Black "Nytra, Ondrej"]
[Result "1-0"]
[ECO "D31"]
[WhiteElo "2272"]
[BlackElo "2219"]
[Annotator "TA"]
[PlyCount "59"]
[EventDate "2022.05.12"]
[EventType "swiss"]
[EventCountry "CZE"]
[SourceTitle "playchess.com"]
[Source "ChessBase"]
[SourceQuality "1"]
[TimeControl "40/5400+30:1800+30"]

1. d4 d5 2. c4 e6 3. Nc3 c6 4. e4 dxe4 5. Nxe4 Bb4+ 6. Nc3 c5 7. Nf3 Nf6 {[%emt 0:04:32] D31: Queen's Gambit Declined: Semi-Slav without ...Nf6 (+ Marshall Gambit and Noteboom) and Exchange Variation lines without ...Nf6.} 8. Be2 Nc6 9. Be3 cxd4 {[%emt 0:06:13] The position is equal.} 10. Nxd4 Ne4 (10... O-O $11) 11. Rc1 (11. Nxc6 $16 Qxd1+ 12. Rxd1 bxc6 13. O-O Bxc3 14. Bf3 (14. bxc3 Nxc3 15. Bf3 Nxd1 $15)) 11... Nxc3 12. bxc3 Ba5 13. O-O $40 {[%emt 0:05:43][%mdl 128] [#] White wants a kill.} Bd7 $146 ({Predecessor:} 13... O-O 14. Nxc6 bxc6 15. Qa4 Qc7 16. Bf3 Ba6 17. Bxc6 Rad8 18. Rfd1 Bc8 19. Rd4 Qe5 {1-0 (49) Korley,K (2450)-Hong,A (2390) Burlingame 2019}) 14. Nb5 {[%emt 0:07:45] Threatens to win with Nd6+.} O-O 15. Bc5 Ne7 16. Qd6 ({Much worse is} 16. Nxa7 b6 17. Bxe7 Qxe7 $11) (16. Bf3 $14) 16... Ng6 17. Rfd1 ({Don't go for} 17. Nxa7 $2 b6 18. Nb5 bxc5 $19) 17... Bxb5 18. cxb5 Bc7 (18... Qc8 $14 19. Be3 Rd8) 19. Qxd8 $16 {[%emt 0:02:34] White is much more active. The black rooks are badly placed.} Rfxd8 20. Bf3 Bf4 (20... Bb6 $16 {was necessary.} 21. Bxb6 axb6) 21. Rb1 $18 ({Inferior is} 21. Bxb7 Bxc1 22. Rxc1 Rab8 $11) 21... Rdc8 (21... Rdb8 $142 22. g3 Bc7) 22. Bxb7 Rxc5 23. Bxa8 Rxc3 $2 (23... Kf8 {is a better defense.} 24. g3 Bc7) 24. g3 Bg5 {[%emt 0:00:50] Against Rd8+} 25. a4 {[%emt 0:02:17] [#] And now Rd7 would win. White is clearly winning.} Bf6 (25... Nf8 $142 26. a5 Ra3) 26. Rd7 Ra3 27. Rxa7 Bd4 28. b6 Ra2 29. Bg2 Bxf2+ 30. Kh1 {[%emt 0:02:00] Weighted Error Value: White=0.10 (very precise) /Black=0.44} 1-0